 Dungeon Crawl Stone Soup version 0.30-a0-141-g30f27751c5 (webtiles) character file.

Game seed: 1633473043580359682

17514 qw the Cleaver (level 12, 0/76 HPs)
             Began as a Gargoyle Fighter on Sept 25, 2022.
             Was a High Priest of Okawaru.
             Killed by the air
             ... invoked by Gastronok
              (24 damage)
             ... on level 3 of the Lair of Beasts.
             The game lasted 00:05:09 (12887 turns).

qw the Cleaver (Gargoyle Fighter)                  Turns: 12887, Time: 00:05:10

Health: 0/76       AC: 32    Str: 23    XL:     12   Next: 48%
Magic:  9/9        EV:  8    Int: 15    God:    Okawaru [*****.]
Gold:   3275       SH:  7    Dex:  5    Spells: 11/11 levels left

rFire   . . .      SeeInvis .    a - +6 broad axe of Annihilation {antimagic, Int+4}
rCold   . . .      Faith    .    r - +2 buckler
rNeg    + + .      Spirit   .    e - +0 plate armour
rPois   inf        Reflect  .    k - +0 helmet "Kirif" {MP+9 Dex-4 Slay+2}
rElec   +          Harm     .    f - +0 cloak
rCorr   .          Rampage  .    m - +0 pair of gloves
Will    +....                    g - +1 pair of boots
Stlth   ..........               n - amulet of the acrobat
HPRegen 0.22/turn                c - ring of positive energy
MPRegen 0.11/turn                (no ring)

@: heroic
A: sickness immunity, AC +8, negative energy resistance 1, electricity
resistance, torment resistance 1, petrification resistance, strong-willed 1
a: Renounce Religion, Heroism, Finesse, Duel


You were on level 3 of the Lair of Beasts.
You worshipped Okawaru.
Okawaru was extremely pleased with you.
You visited 3 branches of the dungeon, and saw 12 of its levels.

You collected 3275 gold pieces.


Innate Abilities, Weirdness & Mutations

You are immune to sickness and miasma.
Your stone body is resilient. (AC +8)
You are immune to poison.
You resist negative energy. (rN+)
You are resistant to electric shocks. (rElec)
You are resistant to unholy torment.
You are immune to petrification.
You are strong-willed. (Will+)


   Skills:
 - Level 9.0(14.0) Fighting
 - Level 12.0(17.0) Axes
 - Level 4.1(9.1) Throwing
 - Level 9.0(14.0) Armour
 - Level 1.1(6.1) Dodging
 + Level 5.9(10.9) Shields
 - Level 10.0 Invocations


You had 11 spell levels left.
You didn't know any spells.
Your spell library was empty.

Inventory:

Hand Weapons
 a - the +6 broad axe of Annihilation (weapon) {antimagic, Int+4}
   (You acquired it on level 1 of the Dungeon)

   It reduces the magical energy of the wielder, and disrupts the spells and
   magical abilities of those it strikes.
   Natural abilities and divine invocations are not affected.
   Int:       It affects your intelligence (+4).
 u - a +1 broad axe of flaming
Armour
 e - a +0 plate armour (worn)
 f - a +0 cloak (worn)
 g - a +1 pair of boots (worn)
 k - the +0 helmet "Kirif" (worn) {MP+9 Dex-4 Slay+2}
   (You took it off Robin on level 3 of the Dungeon)

   Dex:       It affects your dexterity (-4).
   Slay:      It affects your accuracy & damage with ranged weapons and melee
   (+2).
   MP:        It affects your magic capacity (+9).
 m - a +0 pair of gloves (worn)
 q - a +1 chain mail of fire resistance
 r - a +2 buckler (worn)
Jewellery
 c - a ring of positive energy (left hand)
 n - an amulet of the acrobat (around neck)
Scrolls
 o - 3 scrolls of identify
 t - 7 scrolls of teleportation
Potions
 b - 2 potions of heal wounds
 d - 5 potions of might
 h - 5 potions of haste
 i - 3 potions of attraction
 j - a potion of mutation
 l - 4 potions of curing
 s - a potion of resistance
 w - a potion of cancellation {unknown}

Dungeon Overview and Level Annotations

Branches:
Dungeon (8/15)             Temple (1/1) D:6            Lair (3/5) D:8
  Snake (0/4) Lair:2
  Swamp: Lair:2-3    Shoals: Lair:2-3

Altars:
Ashenzari
Cheibriados
Dithmenos
Elyvilon
Fedhas
Gozag
Hepliaklqana
Kikubaaqudgha
Makhleb
Nemelex Xobeh
Okawaru
Ru
Sif Muna
Trog
Uskayaw
Vehumet
Wu Jian
Xom
Yredelemnul
Zin
The Shining One

Shops:
D:4 ((

Annotations:
D:5 3 runed translucent doors, qw's ghost, novice GrFi
Lair:3 Gastronok


Message History

The komodo dragon completely misses you.
You hit the komodo dragon.
The komodo dragon is lightly wounded.
You slash the komodo dragon!
The komodo dragon is moderately wounded.
The komodo dragon bites you but does no damage.
You slash the komodo dragon!
The komodo dragon is severely wounded.
The komodo dragon closely misses you.
You slice the komodo dragon!!
You kill the komodo dragon!
Okawaru accepts your kill.
Gastronok mumbles some strange words.
Gastronok puts on a burst of speed!
You see here a komodo dragon corpse.
You hit Gastronok but do no damage. You hit Gastronok.
Gastronok's magic leaks into the air.
Gastronok is lightly wounded.
Gastronok bites you but does no damage.
You slice Gastronok!!
Gastronok's magic leaks into the air.
Gastronok is lightly wounded.
You slash Gastronok!
Gastronok's magic leaks into the air.
Gastronok is moderately wounded.
You block Gastronok's attack.
You slice Gastronok!!
Gastronok's magic leaks into the air.
Gastronok is heavily wounded.
You hear an angry hiss.
You slice Gastronok!!
Gastronok's magic leaks into the air.
Gastronok is heavily wounded.
You hit Gastronok but do no damage.
Gastronok is heavily wounded.
A bog body comes into view.
Gastronok falters for a moment.
You slice Gastronok!!
Gastronok's magic leaks into the air.
Gastronok is severely wounded.
You slice Gastronok!!
Gastronok's magic leaks into the air.
Gastronok is almost dead.
Gastronok waves his eye-stalks in wide circles.
The air twists around and strikes you!!
You die...

....# ..?.# .. ...## ...
...P# ### ..# ...## ##.#
### #..#¤
...######..#####.##..#.¤
.......................¤
.............%.......n..
......>.........@w......
......................>.
...#.##..###..##...####.
...####### ###.##.(#
....# ## ..(# ...## .P.#
.. ..#.. #....


You could see Gastronok (swift, magic disrupted) and a bog body.

Vanquished Creatures
  A hydra (Lair:2)
  A death yak (D:7)
  Amaemon (Lair:1)
  2 oklob plants (Lair:1)
  A black mamba (Lair:2)
  An orange demon (Lair:1)
  7 cane toads
  Maggie (D:6)
  2 rime drakes (Lair:2)
  8 komodo dragons
  2 polar bears
  6 blink frogs (Lair:1)
  Grinder (D:6)
  Sigmund (D:4)
  8 yaks
  A wraith (D:7)
  4 wyverns
  4 basilisks
  2 nagas (Lair:2)
  5 water moccasins
  2 orc warriors
  An ice beast (D:6)
  5 black bears
  3 sky beasts
  13 wolves
  2 centaurs (D:7)
  3 phantoms
  3 kobold brigands
  14 bullfrogs
  2 scorpions
  A gnoll sergeant (D:7)
  A gnoll bouda (D:5)
  3 hounds
  2 orc priests
  2 jellies
  Jessica (D:2)
  5 iguanas
  2 hell rats (Lair:2)
  4 orc wizards
  Robin (D:3)
  11 gnolls
  10 river rats (Lair:2)
  4 adders
  An ufetubus (D:5)
  2 worms
  3 dart slugs (D:4)
  23 orcs
  6 ball pythons
  5 bats
  4 endoplasms
  4 giant cockroaches
  17 goblins
  6 hobgoblins
  8 jackals
  2 quokkas (D:4)
  16 kobolds
  5 rats
256 creatures vanquished.

Vanquished Creatures (others)
  14 fungi
  21 plants
35 creatures vanquished.

Grand Total: 291 creatures vanquished

Notes
Turn   | Place    | Note
-------+----------+-------------------------------------------
     0 | D:1      | qw the Gargoyle Fighter began the quest for the Orb.
     0 | D:1      | Reached XP level 1. HP: 14/14 MP: 1/1
     0 | D:1      | 0 ||| qw: Version: 0.2-a-10-g399e6c4
     0 | D:1      | 0 ||| qw: Game counter: 387
     0 | D:1      | 0 ||| qw: Always use a shield: true
     0 | D:1      | 0 ||| qw: God list: Okawaru
     0 | D:1      | 0 ||| qw: Allow faded altars: false
     0 | D:1      | 0 ||| qw: Do Orc after D:15 true
     0 | D:1      | 0 ||| qw: Do second Lair branch before Depths: true
     0 | D:1      | 0 ||| qw: Lair rune preference: random
     0 | D:1      | 0 ||| qw: Plans: Normal, Zot:1-4, God:TSO, Crypt, Tomb,
                  | Pan, Slime:5, Hells, Abyss, Orb
     0 | D:1      | 0 ||| PLANNING D:1-11
    71 | D:1      | 71 ||| Stepping ~*~*~tactically~*~*~ (stealth).
    76 | D:1      | Reached skill level 2 in Axes
    89 | D:1      | 89 ||| Stepping ~*~*~tactically~*~*~ (stealth).
   146 | D:1      | Reached XP level 2. HP: 19/19 MP: 2/2
   705 | D:1      | Found a faded altar of an unknown god.
   916 | D:1      | 916 ||| Stepping ~*~*~tactically~*~*~ (stealth).
   925 | D:1      | Reached skill level 3 in Axes
  1169 | D:1      | Reached XP level 3. HP: 21/23 MP: 3/3
  1429 | D:1      | 1429 ||| UPGRADING to +0 cloak.
  1434 | D:1      | 1434 ||| UPGRADING to +0 pair of boots.
  1439 | D:1      | 1439 ||| READING scroll labelled UQOKASI ORHI.
  1440 | D:1      | 1440 ||| READING scroll labelled NYNGIN GOICH.
  1440 | D:1      | Identified a scroll of acquirement
  1440 | D:1      | 1440 ||| ACQUIRING +6 broad axe of Annihilation {antimagic,
                  | Int+4}
  1440 | D:1      | Acquired the +6 broad axe of Annihilation {antimagic,
                  | Int+4}
  1442 | D:1      | 1442 ||| SWAPPING to +6 broad axe of Annihilation
                  | {antimagic, Int+4}.
  1443 | D:1      | 1443 ||| DROPPING +0 war axe.
  1497 | D:2      | Noticed Jessica
  1504 | D:2      | Killed Jessica
  1564 | D:2      | Reached XP level 4. HP: 28/28 MP: 1/4
  1790 | D:2      | Reached skill level 4 in Axes
  2060 | D:2      | Found a shimmering altar of Xom.
  2092 | D:2      | 2092 ||| DROPPING +0 club.
  2164 | D:2      | 2164 ||| Stepping ~*~*~tactically~*~*~ (stealth).
  2260 | D:2      | 2260 ||| READING scroll labelled JEAMIOGACK.
  2261 | D:2      | 2261 ||| READING scroll labelled BINNOXKOP KAVI.
  2262 | D:2      | 2262 ||| READING scroll labelled ELINLE DOMIEMP.
  2267 | D:2      | 2267 ||| DRINKING 2 red potions.
  2284 | D:3      | 2284 ||| READING scroll of enchant armour.
  2284 | D:3      | 2284 ||| ENCHANTING +0 pair of boots.
  2305 | D:3      | Identified the +0 helmet "Kirif" {MP+9 Dex-4 Slay+2}
  2305 | D:3      | Noticed Robin
  2306 | D:3      | 2306 ||| FLEEEEING.
  2307 | D:3      | 2307 ||| FLEEEEING.
  2308 | D:3      | 2308 ||| FLEEEEING.
  2309 | D:3      | 2309 ||| FLEEEEING.
  2310 | D:3      | 2310 ||| FLEEEEING.
  2311 | D:3      | 2311 ||| FLEEEEING.
  2312 | D:3      | 2312 ||| FLEEEEING.
  2321 | D:3      | 2321 ||| STAIRDANCE
  2482 | D:3      | 2482 ||| Stepping ~*~*~tactically~*~*~ (stealth).
  2485 | D:3      | Killed Robin
  2488 | D:3      | 2488 ||| Stepping ~*~*~tactically~*~*~ (stealth).
  2490 | D:3      | Reached XP level 5. HP: 32/32 MP: 1/5
  2501 | D:3      | 2501 ||| DROPPING +0 whip.
  2502 | D:3      | 2502 ||| Stepping ~*~*~tactically~*~*~ (stealth).
  2655 | D:3      | 2655 ||| DROPPING +2 whip of draining.
  2665 | D:3      | 2665 ||| Stepping ~*~*~tactically~*~*~ (hiding).
  2828 | D:3      | Identified the +11 sling "Wainnixt" {freeze, Int+3}
  2875 | D:3      | 2875 ||| Stepping ~*~*~tactically~*~*~ (stealth).
  3347 | D:3      | 3347 ||| UPGRADING to +0 helmet "Kirif" {MP+9 Dex-4
                  | Slay+2}.
  3352 | D:3      | 3352 ||| UPGRADING to +0 chain mail.
  3362 | D:3      | 3362 ||| DROPPING +0 scale mail.
  3386 | D:3      | 3386 ||| READING scroll labelled KOVIOGHOP ANOS.
  3439 | D:3      | 3439 ||| READING scroll labelled KEODGH ITOREUT.
  3440 | D:3      | 3440 ||| READING scroll labelled GIT UCOEJEXT.
  3454 | D:4      | Found Nulyzuint's Weapon Shop.
  3454 | D:4      | Found Xiskitif's Weapon Emporium.
  3473 | D:4      | 3473 ||| Stepping ~*~*~tactically~*~*~ (hiding).
  3678 | D:4      | Noticed a black bear
  3679 | D:4      | Reached skill level 5 in Axes
  3679 | D:4      | 3679 ||| Stepping ~*~*~tactically~*~*~ (stealth).
  3683 | D:4      | 3683 ||| Stepping ~*~*~tactically~*~*~ (stealth).
  3686 | D:4      | 3686 ||| Stepping ~*~*~tactically~*~*~ (stealth).
  3690 | D:4      | Killed a black bear
  3691 | D:4      | Reached XP level 6. HP: 22/39 MP: 5/6
  3703 | D:4      | 3703 ||| FLEEEEING.
  3704 | D:4      | 3704 ||| FLEEEEING.
  3705 | D:4      | 3705 ||| FLEEEEING.
  3706 | D:4      | 3706 ||| FLEEEEING.
  3799 | D:4      | 3799 ||| Stepping ~*~*~tactically~*~*~ (stealth).
  3841 | D:4      | 3841 ||| Stepping ~*~*~tactically~*~*~ (stealth).
  3864 | D:4      | 3864 ||| Stepping ~*~*~tactically~*~*~ (stealth).
  4058 | D:4      | 4058 ||| Stepping ~*~*~tactically~*~*~ (hiding).
  4059 | D:4      | 4059 ||| Stepping ~*~*~tactically~*~*~ (hiding).
  4524 | D:4      | Noticed Sigmund
  4525 | D:4      | 4525 ||| FLEEEEING.
  4529 | D:4      | 4529 ||| FLEEEEING.
  4530 | D:4      | 4530 ||| FLEEEEING.
  4531 | D:4      | 4531 ||| FLEEEEING.
  4532 | D:4      | 4532 ||| FLEEEEING.
  4533 | D:4      | 4533 ||| FLEEEEING.
  4546 | D:4      | 4546 ||| FLEEEEING.
  4553 | D:4      | 4553 ||| FLEEEEING.
  4554 | D:4      | 4554 ||| FLEEEEING.
  4555 | D:4      | 4555 ||| FLEEEEING.
  4556 | D:4      | 4556 ||| FLEEEEING.
  4557 | D:4      | 4557 ||| FLEEEEING.
  4558 | D:4      | 4558 ||| FLEEEEING.
  4559 | D:4      | 4559 ||| FLEEEEING.
  4560 | D:4      | 4560 ||| FLEEEEING.
  4561 | D:4      | 4561 ||| FLEEEEING.
  4587 | D:4      | Killed Sigmund
  4588 | D:4      | Reached skill level 6 in Axes
  4588 | D:4      | Reached XP level 7. HP: 32/44 MP: 5/7
  4821 | D:4      | 4821 ||| DROPPING orb of mayhem.
  4822 | D:4      | 4822 ||| READING scroll labelled FEGRETTORAT.
  4823 | D:4      | 4823 ||| READING 2 scrolls labelled QUCWIJ XIGGYI.
  4824 | D:4      | 4824 ||| READING scroll labelled PYPLIE JUBOSO.
  4825 | D:4      | 4825 ||| DRINKING 3 fizzy yellow potions.
  4863 | D:5      | Entered Level 5 of the Dungeon
  4863 | D:5      | Found a runed translucent gate.
  4863 | D:5      | Found a runed translucent gate.
  4863 | D:5      | Found a runed translucent gate.
  4874 | D:5      | 4874 ||| STAIRDANCE
  4950 | D:5      | Reached skill level 7 in Axes
  4975 | D:5      | 4975 ||| Stepping ~*~*~tactically~*~*~ (stealth).
  5123 | D:5      | Noticed qw's ghost (novice GrFi)
  5172 | D:5      | Reached XP level 8. HP: 50/50 MP: 5/8
  5175 | D:5      | Reached skill level 1 in Throwing
  5215 | D:5      | 5215 ||| Stepping ~*~*~tactically~*~*~ (hiding).
  5217 | D:5      | 5217 ||| Stepping ~*~*~tactically~*~*~ (hiding).
  5218 | D:5      | 5218 ||| Stepping ~*~*~tactically~*~*~ (hiding).
  5219 | D:5      | 5219 ||| Stepping ~*~*~tactically~*~*~ (hiding).
  5682 | D:5      | 5682 ||| UPGRADING to +0 plate armour.
  5692 | D:5      | 5692 ||| DROPPING +0 chain mail.
  5693 | D:5      | 5693 ||| DRINKING 2 bubbling silvery potions.
  5693 | D:5      | Gained mutation: You are strong-willed. (Will+) [potion of
                  | mutation]
  5694 | D:5      | 5694 ||| READING 2 scrolls of identify.
  5694 | D:5      | 5694 ||| IDENTIFYING metallic grey potion
  5695 | D:5      | 5695 ||| DROPPING potion of brilliance.
  5723 | D:6      | 5723 ||| STAIRDANCE
  6024 | D:6      | 6024 ||| DROPPING +0 mace of protection.
  6209 | D:6      | Noticed Maggie
  6210 | D:6      | 6210 ||| Stepping ~*~*~tactically~*~*~ (hiding).
  6226 | D:6      | Killed Maggie
  6227 | D:6      | Reached skill level 8 in Axes
  6433 | D:6      | 6433 ||| DROPPING +0 flail.
  6440 | D:6      | Found a staircase to the Ecumenical Temple.
  6441 | D:6      | 6441 ||| PLANNING TEMPLE
  6441 | D:6      | 6441 ||| UPGRADING to +0 pair of gloves.
  6446 | D:6      | 6446 ||| UPGRADING to amulet of the acrobat.
  6451 | D:6      | 6451 ||| DRINKING 3 blue potions.
  6452 | D:6      | 6452 ||| READING 2 scrolls of identify.
  6452 | D:6      | 6452 ||| IDENTIFYING lumpy sapphire potion
  6465 | Temple   | Entered the Ecumenical Temple
  6478 | Temple   | 6478 ||| PLANNING OKAWARU WORSHIP
  6515 | Temple   | Became a worshipper of Warmaster Okawaru
  6516 | Temple   | 6516 ||| PLANNING D:1-11
  6713 | D:6      | Noticed Grinder
  6714 | D:6      | 6714 ||| Stepping ~*~*~tactically~*~*~ (hiding).
  6715 | D:6      | 6715 ||| Stepping ~*~*~tactically~*~*~ (hiding).
  6723 | D:6      | Killed Grinder
  6724 | D:6      | Reached skill level 6 in Armour
  6724 | D:6      | Reached XP level 9. HP: 48/54 MP: 6/9
  7018 | D:7      | 7018 ||| Stepping ~*~*~tactically~*~*~ (stealth).
  7042 | D:7      | Reached skill level 6 in Fighting
  7072 | D:7      | 7072 ||| Stepping ~*~*~tactically~*~*~ (hiding).
  7185 | D:7      | Reached skill level 9 in Axes
  7185 | D:7      | Reached * piety under Okawaru
  7186 | D:7      | 7186 ||| INVOKING Heroism.
  7432 | D:7      | Found a hide-covered altar of Uskayaw.
  7508 | D:7      | 7508 ||| Stepping ~*~*~tactically~*~*~ (hiding).
  7509 | D:7      | 7509 ||| Stepping ~*~*~tactically~*~*~ (hiding).
  7516 | D:7      | Reached skill level 1 in Invocations
  7771 | D:7      | 7771 ||| INVOKING Heroism.
  7778 | D:7      | Reached skill level 3 in Invocations
  7939 | D:7      | 7939 ||| INVOKING Heroism.
  8120 | D:7      | Reached XP level 10. HP: 63/63 MP: 7/13
  8287 | D:7      | 8287 ||| READING 2 scrolls labelled EFUONEZX QILAS.
  8288 | D:7      | 8288 ||| DRINKING 2 cyan potions.
  8289 | D:7      | 8289 ||| READING 5 scrolls of identify.
  8289 | D:7      | 8289 ||| IDENTIFYING fizzy orange potion
  8290 | D:7      | 8290 ||| READING 4 scrolls of identify.
  8290 | D:7      | 8290 ||| IDENTIFYING ruby potion
  8291 | D:7      | 8291 ||| READING 3 scrolls of identify.
  8291 | D:7      | 8291 ||| IDENTIFYING lumpy red potion
  8292 | D:7      | 8292 ||| READING 2 scrolls of identify.
  8292 | D:7      | 8292 ||| IDENTIFYING metallic amethyst potion
  8293 | D:7      | 8293 ||| DROPPING potion of berserk rage.
  8294 | D:7      | 8294 ||| DROPPING potion of ambrosia.
  8295 | D:7      | 8295 ||| DROPPING potion of flight.
  8296 | D:7      | 8296 ||| DROPPING potion of degeneration.
  8297 | D:7      | 8297 ||| DROPPING scroll of noise.
  8340 | D:8      | Noticed a death yak
  8340 | D:8      | Found a staircase to the Lair.
  8341 | D:8      | 8341 ||| INVOKING Heroism.
  8346 | D:8      | 8346 ||| STAIRDANCE
  8356 | D:7      | Killed a death yak
  8356 | D:7      | Reached ** piety under Okawaru
  8357 | D:7      | Reached skill level 10 in Axes
  8375 | D:8      | 8375 ||| STAIRDANCE
  8418 | D:8      | 8418 ||| INVOKING Heroism.
  8582 | D:8      | Found a radiant altar of Vehumet.
  8615 | D:8      | 8615 ||| INVOKING Heroism.
  8723 | D:8      | 8723 ||| Stepping ~*~*~tactically~*~*~ (stealth).
  8781 | D:8      | Reached *** piety under Okawaru
  9083 | D:8      | 9083 ||| PLANNING LAIR
  9083 | D:8      | 9083 ||| UPGRADING to +2 buckler.
  9093 | D:8      | 9093 ||| DROPPING +0 buckler.
  9094 | D:8      | 9094 ||| DROPPING amulet of guardian spirit.
  9095 | D:8      | 9095 ||| READING scroll labelled BEOSHR YSKATATE.
  9096 | D:8      | 9096 ||| READING 2 scrolls of identify.
  9096 | D:8      | 9096 ||| IDENTIFYING fizzy cyan potion
  9097 | D:8      | 9097 ||| DROPPING potion of invisibility.
  9128 | Lair:1   | Entered Level 1 of the Lair of Beasts
  9128 | Lair:1   | You fall into a shaft and drop 1 floor!
  9171 | Lair:1   | 9171 ||| INVOKING Heroism.
  9221 | Lair:1   | 9221 ||| Stepping ~*~*~tactically~*~*~ (stealth).
  9230 | Lair:1   | 9230 ||| INVOKING Heroism.
  9234 | Lair:1   | Reached skill level 1 in Dodging
  9443 | Lair:2   | Noticed a cane toad
  9444 | Lair:2   | 9444 ||| INVOKING Heroism.
  9452 | Lair:2   | Killed a cane toad
  9527 | Lair:2   | 9527 ||| INVOKING Heroism.
  9532 | Lair:2   | Reached **** piety under Okawaru
  9532 | Lair:2   | Received a gift from Okawaru
  9769 | Lair:2   | Noticed a cane toad
  9770 | Lair:2   | 9770 ||| INVOKING Heroism.
  9774 | Lair:2   | Reached XP level 11. HP: 69/69 MP: 5/14
  9777 | Lair:2   | Reached skill level 11 in Axes
  9896 | Lair:2   | Found a staircase to the Snake Pit.
  9899 | Lair:2   | 9899 ||| INVOKING Heroism.
  9903 | Lair:2   | 9903 ||| Stepping ~*~*~tactically~*~*~ (water).
  9906 | Lair:2   | Received a gift from Okawaru
  9917 | Lair:2   | Reached skill level 3 in Throwing
  9917 | Lair:2   | Reached skill level 6 in Invocations
  9969 | Lair:2   | 9969 ||| INVOKING Heroism.
  9990 | Lair:2   | 9990 ||| FLEEEEING.
  9991 | Lair:2   | 9991 ||| FLEEEEING.
  9993 | Lair:2   | 9993 ||| FLEEEEING.
  9994 | Lair:2   | 9994 ||| FLEEEEING.
  9995 | Lair:2   | 9995 ||| FLEEEEING.
  9996 | Lair:2   | 9996 ||| FLEEEEING.
  9997 | Lair:2   | 9997 ||| FLEEEEING.
  9998 | Lair:2   | 9998 ||| FLEEEEING.
  9999 | Lair:2   | 9999 ||| FLEEEEING.
 10000 | Lair:2   | 10000 ||| FLEEEEING.
 10001 | Lair:2   | 10001 ||| FLEEEEING.
 10002 | Lair:2   | 10002 ||| FLEEEEING.
 10003 | Lair:2   | 10003 ||| FLEEEEING.
 10004 | Lair:2   | 10004 ||| FLEEEEING.
 10005 | Lair:2   | 10005 ||| FLEEEEING.
 10006 | Lair:2   | 10006 ||| FLEEEEING.
 10010 | Lair:2   | 10010 ||| FLEEEEING.
 10011 | Lair:2   | 10011 ||| FLEEEEING.
 10012 | Lair:2   | 10012 ||| FLEEEEING.
 10016 | Lair:2   | 10016 ||| FLEEEEING.
 10017 | Lair:2   | 10017 ||| STAIRDANCE
 10077 | Lair:1   | 10077 ||| READING scroll labelled JUOMAD YRCHYMIM.
 10210 | Lair:2   | 10210 ||| Stepping ~*~*~tactically~*~*~ (stealth).
 10218 | Lair:2   | 10218 ||| Stepping ~*~*~tactically~*~*~ (stealth).
 10220 | Lair:2   | 10220 ||| INVOKING Heroism.
 10337 | Lair:2   | Noticed a four-headed hydra
 10340 | Lair:2   | 10340 ||| INVOKING Heroism.
 10341 | Lair:2   | 10341 ||| SWAPPING to +1 broad axe of flaming.
 10346 | Lair:2   | Killed a one-headed hydra
 10347 | Lair:2   | Reached skill level 9 in Fighting
 10347 | Lair:2   | 10347 ||| SWAPPING to +6 broad axe of Annihilation
                  | {antimagic, Int+4}.
 10669 | Lair:2   | 10669 ||| READING scroll labelled MIG WIASISOLICW.
 10714 | Lair:1   | 10714 ||| Stepping ~*~*~tactically~*~*~ (stealth).
 10785 | Lair:1   | 10785 ||| INVOKING Heroism.
 10787 | Lair:1   | Noticed Amaemon
 10788 | Lair:1   | 10788 ||| Stepping ~*~*~tactically~*~*~ (water).
 10799 | Lair:1   | Killed Amaemon
 10799 | Lair:1   | Reached ***** piety under Okawaru
 10839 | Lair:1   | 10839 ||| INVOKING Heroism.
 10928 | Lair:1   | Found a blossoming altar of Fedhas.
 10931 | Lair:1   | Noticed an oklob plant
 10932 | Lair:1   | 10932 ||| INVOKING Heroism.
 10933 | Lair:1   | 10933 ||| INVOKING Finesse.
 10934 | Lair:1   | Noticed an oklob plant
 10948 | Lair:1   | Killed an oklob plant
 10957 | Lair:1   | Killed an oklob plant
 11085 | Lair:1   | 11085 ||| INVOKING Heroism.
 11090 | Lair:1   | 11090 ||| Stepping ~*~*~tactically~*~*~ (stealth).
 11299 | Lair:1   | 11299 ||| INVOKING Heroism.
 11304 | Lair:1   | Reached skill level 9 in Armour
 11328 | Lair:1   | Reached XP level 12. HP: 76/76 MP: 9/18
 11333 | Lair:1   | 11333 ||| Stepping ~*~*~tactically~*~*~ (stealth).
 11340 | Lair:1   | 11340 ||| Stepping ~*~*~tactically~*~*~ (stealth).
 11366 | Lair:1   | 11366 ||| Stepping ~*~*~tactically~*~*~ (stealth).
 11375 | Lair:1   | 11375 ||| INVOKING Heroism.
 11376 | Lair:1   | 11376 ||| Stepping ~*~*~tactically~*~*~ (stealth).
 11383 | Lair:1   | Reached skill level 9 in Invocations
 11544 | Lair:1   | 11544 ||| INVOKING Heroism.
 11854 | Lair:1   | 11854 ||| INVOKING Heroism.
 11914 | Lair:1   | 11914 ||| READING 3 scrolls of acquirement.
 11914 | Lair:1   | 11914 ||| ACQUIRING 923 gold pieces
 11914 | Lair:1   | Acquired 923 gold pieces
 11916 | Lair:1   | 11916 ||| READING 2 scrolls of acquirement.
 11916 | Lair:1   | 11916 ||| ACQUIRING 797 gold pieces
 11916 | Lair:1   | Acquired 797 gold pieces
 11918 | Lair:1   | 11918 ||| READING scroll of acquirement.
 11918 | Lair:1   | 11918 ||| ACQUIRING 929 gold pieces
 11918 | Lair:1   | Acquired 929 gold pieces
 12033 | Lair:1   | 12033 ||| INVOKING Heroism.
 12037 | Lair:1   | Received a gift from Okawaru
 12155 | Lair:1   | 12155 ||| INVOKING Heroism.
 12306 | Lair:1   | 12306 ||| UPGRADING to ring of positive energy.
 12346 | Lair:3   | 12346 ||| Stepping ~*~*~tactically~*~*~ (stealth).
 12397 | Lair:3   | 12397 ||| Stepping ~*~*~tactically~*~*~ (stealth).
 12425 | Lair:3   | 12425 ||| Stepping ~*~*~tactically~*~*~ (stealth).
 12662 | Lair:3   | 12662 ||| INVOKING Heroism.
 12766 | Lair:3   | 12766 ||| INVOKING Heroism.
 12780 | Lair:3   | Reached skill level 12 in Axes
 12861 | Lair:3   | 12861 ||| INVOKING Heroism.
 12868 | Lair:3   | Noticed Gastronok
 12887 | Lair:3   | Killed from afar by Gastronok

Levels and vault maps discovered:
D:1:      scummos_arrival_gate, layout_basic, hellmonk_ecumenical_altar_zigzags
D:2:      layout_loops_corners, basic_altar, minivault_26, uniq_jessica
D:3:      layout_loops_ring, minmay_misc_feat_doors, uniq_robin
D:4:      layout_basic, serial_shops, shop, nicolae_stop_n_shop_1, uniq_sigmund
D:5:      layout_cave_pools, ebering_ghost_rock_garden, roderic_serpentine_path
D:6:      layout_gridville, minmay_temple_entry_glass, uniq_maggie, uniq_grinder
D:7:      minmay_bubble_buster, layout_basic, nicolae_uskayaw_dance_hall,
          grunt_ministairs_10, kennysheep_generic_room_11
D:8:      layout_cave_pools, vehumet_altar_wand_db, david_lair_generic
Temple:   hellmonk_temple_of_storms
Lair:1:   wad_woods_structure_01, layout_loops_ring, nicolae_lair_lil_pond,
          hangedman_tree_tricks, dreamdust_mushroom_princess, uniq_amaemon
Lair:2:   layout_chaotic_city, guppyfry_snake_entry_island, wad_woods_road_06,
          kennysheep_rathole
Lair:3:   layout_hall_layers, skrybe_swamp_entry_bodies, uniq_gastronok

Skill      XL: |  1  2  3  4  5  6  7  8  9 10 11 12 |
---------------+-------------------------------------+-----
Axes           | 2 3 4 5 6 7 8 9 10 11 12 | 12.0
Fighting       | 4 5 7 8 9 |  9.0
Armour         | 4 6 7 8 9 |  9.0
Throwing       | 1 4 |  4.1
Shields        | 4 5 |  5.9
Invocations    | 4 8 10 | 10.0
Dodging        | 1 |  1.1

Action                   |  1- 3 |  4- 6 |  7- 9 | 10-12 || total
-------------------------+-------+-------+-------+-------++-------
Melee: War axe           |    58 |       |       |       ||    58
       Broad axe         |    11 |   115 |   196 |   333 ||   655
Throw: Boomerang         |       |       |    18 |       ||    18
       Javelin           |       |       |       |    37 ||    37
Invok: Heroism           |       |       |     3 |    25 ||    28
       Finesse           |       |       |       |     1 ||     1
  Use: Scroll            |     2 |     7 |     5 |    12 ||    26
       Potion            |       |     1 |     3 |     1 ||     5
Armor: Scale mail        |    34 |    29 |       |       ||    63
       Chain mail        |       |    33 |    23 |       ||    56
       Plate armour      |       |       |   135 |   150 ||   285
Dodge: Dodged            |    22 |    42 |    80 |   111 ||   255
Block: Buckler           |    15 |    16 |    34 |    67 ||   132

Table legend:
 A = Non-vault XP
 B = Vault XP
 C = Vault XP percentage of total XP
 D = Non-vault monster count
 E = Vault monster count
 F = Vault count percentage of total count
                 A         B        C        D         E       F
            +---------+---------+-------+---------+---------+-------
      Total |   17303 |    7717 |  30.8 |     197 |      59 |  23.0
            +---------+---------+-------+---------+---------+-------
        D:1 |      36 |       0 |   0.0 |      20 |       0 |   0.0
        D:2 |      32 |      37 |  53.6 |      10 |       1 |   9.1
        D:3 |      61 |      38 |  38.4 |      12 |      13 |  52.0
        D:4 |     370 |     226 |  37.9 |      20 |       1 |   4.8
        D:5 |     552 |       0 |   0.0 |      15 |       0 |   0.0
        D:6 |     651 |     628 |  49.1 |      17 |       2 |  10.5
        D:7 |    1098 |    1955 |  64.0 |      26 |      12 |  31.6
        D:8 |     575 |     374 |  39.4 |      18 |       3 |  14.3
     Lair:1 |    5435 |    3916 |  41.9 |      23 |      11 |  32.4
     Lair:2 |    5767 |     543 |   8.6 |      23 |      16 |  41.0
     Lair:3 |    2726 |       0 |   0.0 |      13 |       0 |   0.0
            +---------+---------+-------+---------+---------+-------
